AoeStats
← [63e] JiNxR8

Pilgrims

507170056Analyzed
2v2 RM · 16d ago on Sep 17, 2026· 135m 38s· 4 players
Game mode
Random Map
Map size
Medium (4 player)
Population
200
Speed
Normal
Resources
Standard
Victory
Conquest
Starting age
Dark Age
Ending age
Imperial Age
RankedLock teamsTeams togetherTeam positionsShared explorationLock speedFull tech treeHidden civsTurbo modeCheats
Victory
Defeat
🇬🇧 Vikings · United Kingdom
991
+16
🇺🇸 Sicilians · United States
946
+17
🇺🇸 Mongols · United States
1000
-17
🇺🇸 Huns · United States
972
-16
KentaviousJR
11:20 Loom
13:06 Feudal Age
19:34 Castle Age
18:05 Fletching
24:58 Wheelbarrow
28:02 Ballistics
27:54 Double-Bit Axe
28:35 Bodkin Arrow
34:02 Gold Mining
36:16 Forging
37:38 Husbandry
38:12 Bloodlines
39:28 Hand Cart
44:55 Iron Casting
45:48 Loom
49:33 Bow Saw
49:07 Horse Collar
59:08 Imperial Age
62:13 Heavy Plow
104:40 Imperial Age
103:03 Marauders
104:54 Elite Tarkan
107:34 Guilds
133:39 Bracer
Haze42020
9:40 Loom
13:00 Feudal Age
16:54 Castle Age
16:18 Double-Bit Axe
18:48 Bow Saw
22:03 Scale Barding Armor
27:10 Horse Collar
28:17 Stone Mining
30:32 Wheelbarrow
31:09 Stone Shaft Mining
30:26 Gold Mining
32:38 Hand Cart
32:35 Heavy Plow
33:31 Fletching
35:08 Chain Barding Armor
36:45 Gold Shaft Mining
40:25 Imperial Age
38:23 Bodkin Arrow
40:32 Onager
41:37 Light Cavalry
43:49 Siege Onager
45:04 Bloodlines
45:35 Caravan
46:20 Ballistics
47:00 Chemistry
47:12 Husbandry
49:38 Forging
50:37 Hussar
51:57 Iron Casting
51:22 Bracer
52:48 Siege Engineers
53:22 Hoardings
54:20 Blast Furnace
66:51 Capped Ram
73:41 Drill
79:18 Conscription
80:28 Siege Ram
82:26 Heavy Camel Rider
91:38 Thumb Ring
91:50 Masonry
98:05 Coinage
97:04 Elite Mangudai
99:36 Banking
100:59 Bracer
101:27 Parthian Tactics
105:02 Padded Archer Armor
[63e] JiNxR8
12:33 Feudal Age
13:28 Double-Bit Axe
16:39 Castle Age
14:47 Fletching
15:48 Stone Mining
15:54 Gold Mining
16:16 Padded Archer Armor
17:15 Bodkin Arrow
17:49 Bow Saw
24:25 Imperial Age
22:40 Loom
23:38 Ballistics
24:31 Gold Shaft Mining
24:31 Leather Archer Armor
25:18 Bracer
26:42 Conscription
27:10 Bogsveigar
28:26 Chemistry
27:19 Crossbowman
28:16 Arbalester
29:10 Horse Collar
30:38 Ring Archer Armor
30:29 Heavy Plow
31:20 Elite Berserk
33:10 Forging
33:01 Scale Mail Armor
35:05 Iron Casting
34:48 Chain Mail Armor
34:35 Town Watch
35:29 Town Patrol
37:12 Murder Holes
40:45 Hoardings
39:44 Sappers
44:46 Onager
46:39 Blast Furnace
46:12 Plate Mail Armor
45:31 Gambesons
45:47 Squires
45:33 Arson
59:35 Chieftains
63:03 Siege Engineers
96:32 Elite Skirmisher
99:01 Elite Cannon Galleon
102:51 Two-Man Saw
119:36 Fortified Wall
119:41 Masonry
119:14 Treadmill Crane
Blind Squirrel
3:34 Loom
11:24 Feudal Age
11:30 Man-at-Arms
12:49 Arson
15:25 Double-Bit Axe
15:28 Horse Collar
16:09 Fishing Lines
16:53 Town Watch
21:21 Wheelbarrow
27:16 Bloodlines
29:22 Castle Age
27:55 Fletching
31:11 Hand Cart
30:54 Pikeman
31:01 Elite Skirmisher
31:09 Crossbowman
34:24 Squires
36:15 Ballistics
35:52 Bodkin Arrow
35:58 Padded Archer Armor
36:17 Scale Mail Armor
39:20 Leather Archer Armor
38:42 Light Cavalry
39:33 Bloodlines
39:20 Gambesons
39:54 Chain Mail Armor
39:49 Forging
45:48 Bow Saw
45:31 Gold Mining
45:43 Heavy Plow
45:09 Light Cavalry
46:01 Bloodlines
45:55 Husbandry
46:33 Town Patrol
47:14 Stone Mining
49:15 Medium Warships
50:50 Masonry
53:05 Scale Barding Armor
55:41 Imperial Age
56:30 Murder Holes
56:59 Conscription
56:52 Bracer
59:03 Plate Mail Armor
60:34 Chemistry
61:59 Halberdier
64:02 Gillnets
65:35 First Crusade
65:55 Iron Casting
65:54 Elite Serjeant
71:55 Hoardings
77:51 Cavalier
78:41 Hauberk
78:59 Chain Barding Armor
79:40 Blast Furnace
78:20 Long Swordsman
81:47 Capped Ram
121:47 Two-Handed Swordsman
125:33 Champion
125:58 Crossbowman
127:36 Guilds
126:51 Arbalester
Connection lost

Rejoining the realm…

Still unreachable

The connection could not be restored.

Session expired

The server has moved on; the page needs a fresh start.